Monarchs vs Patriotes
Created - November 27, 2018 at 19:52
Goals
|
Monarchs |
4 |
1 |
1 |
0 |
3 |
7 |
Patriotes |
1 |
3 |
2 |
0 |
2 |
6 |
|
Shots
|
Monarchs |
12 |
9 |
9 |
7 |
6 |
37 |
Patriotes |
7 |
15 |
11 |
0 |
6 |
33 |
|
1st period
1. Monarchs , Andre Burakovsky 12 (Brian Boyle 11, Connor Brown 21) at 3:21
2. Monarchs , Ryan White 2 (Chris Thorburn 8, Andreas Athanasiou 5) at 6:27
3. Monarchs , Chris Thorburn 3 (Ryan White 3, Teuvo Teravainen 8) at 12:15
4. Monarchs , Andre Burakovsky 13 (Brian Boyle 12, Chris Thorburn 9) at 16:35
5. Patriotes , Christian Hanson 7 (Tyler Randell 15) at 18:51
Penalties :
Matt Calvert (Nyc) for Tripping (Minor) at 19:01
2nd period
6. Patriotes , Aleksander Barkov 4 (Justin Florek 6) at 3:03
7. Monarchs , Andreas Athanasiou 2 (Mike Hoffman 4, Dennis Everberg 6) at 7:22
8. Patriotes , Christian Hanson 8 (Jason Zucker 16, Tyler Randell 16) at 10:27 (PP)
9. Patriotes , Justin Florek 6 (Aleksander Barkov 13, Shane Sims 8) at 11:37
Penalties :
Teuvo Teravainen (MAN) for Holding (Minor) at 10:12, Chris Thorburn (MAN) for Roughing (Minor) at 18:51
3rd period
10. Patriotes , Matt Calvert 7 (Anthony Bitetto 9) at 0:34 (PP)
11. Monarchs , Viktor Arvidsson 15 (Marko Dano 18, David Fischer 10) at 7:41
12. Patriotes , Evgeny Kuznetsov 8 (Timothy Kunes 17, Emerson Etem 9) at 11:50
Penalties :
Shane Sims (Nyc) for Interference (Minor) at 8:35, Anthony Bitetto (Nyc) for Tripping (Minor) at 16:41
Overtime #1
No Goal
Penalties :
No Penalty
Shootout
Penalty Shot by Andre Burakovsky for Monarchs - Goal!
Penalty Shot by Jason Zucker for Patriotes - Shot Misses the Net
Penalty Shot by Marko Dano for Monarchs - Shot Misses the Net
Penalty Shot by Christian Hanson for Patriotes - Goal!
Penalty Shot by Viktor Arvidsson for Monarchs - Shot Misses the Net
Penalty Shot by Tyler Randell for Patriotes - Stopped by Anders Lindback
Penalty Shot by Teuvo Teravainen for Monarchs - Stopped by Andrei Vasilevskiy
Penalty Shot by Matt Calvert for Patriotes - Stopped by Anders Lindback
Penalty Shot by James Sheppard for Monarchs - Goal!
Penalty Shot by Evgeny Kuznetsov for Patriotes - Goal!
Penalty Shot by Mike Hoffman for Monarchs - Goal!
Penalty Shot by Dale Weise for Patriotes - Stopped by Anders Lindback
Penalties :
No Penalty
Goalie Stats
Anders Lindback (MAN), 27 saves from 33 shots - (0.818), W, 8-4-0, 65:00 minutes
Andrei Vasilevskiy (Nyc), 23 saves from 25 shots - (0.920), OTL, 4-1-3, 48:25 minutes
Thomas Greiss (Nyc), 8 saves from 12 shots - (0.667), 16:35 minutes
Players Stats for Monarchs
Player Name G A P +/- PIM S H SB GA TA FO MP PP MP PK MP
------------------------------------------------------------------------------------
Alec Martinez 0 0 0 0 0 0 1 1 0 0 0/0 24:32 2:28 0:34
Andre Burakovsky 2 0 2 1 0 6 2 0 0 0 3/3 19:34 2:19 0:00
Andreas Athanasiou 1 1 2 -1 0 1 0 0 0 1 0/1 8:14 0:00 0:00
Brian Boyle 0 2 2 1 0 5 2 0 1 1 17/28 23:06 2:19 1:29
Chris Thorburn 1 2 3 1 2 5 0 0 0 0 1/1 12:38 0:00 0:00
Connor Brown 0 1 1 1 0 3 1 0 2 0 2/2 20:26 2:19 0:00
Darnell Nurse 0 0 0 0 0 0 3 2 0 1 0/0 19:03 0:00 1:24
David Fischer 0 1 1 2 0 0 1 1 0 0 0/0 18:32 0:00 0:34
Dennis Everberg 0 1 1 -1 0 0 2 1 1 0 0/1 8:13 0:00 0:20
Jake McCabe 0 0 0 2 0 1 1 2 0 0 0/0 25:39 3:29 1:24
James Sheppard 0 0 0 1 0 1 2 0 0 0 1/2 15:19 0:00 0:14
Kenndal McArdle 0 0 0 0 0 0 0 0 0 0 0/0 0:14 0:00 0:14
Marko Dano 0 1 1 1 0 2 0 1 0 0 13/22 19:56 3:38 0:00
Mike Hoffman 0 1 1 -1 0 4 0 0 0 0 0/0 10:39 0:00 0:12
Morgan Rielly 0 0 0 0 0 0 1 1 0 0 0/0 23:18 2:28 0:00
Nicholas Baptiste 0 0 0 0 0 0 0 0 0 0 0/0 0:00 0:00 0:00
Ryan White 1 1 2 1 0 2 0 1 1 0 5/10 13:36 0:00 1:27
Teuvo Teravainen 0 1 1 1 2 2 3 1 0 0 0/0 18:09 3:38 0:00
Viktor Arvidsson 1 0 1 1 0 5 0 1 1 0 1/2 17:56 3:38 0:00
Will Butcher 0 0 0 0 0 0 0 3 0 1 0/0 18:56 3:29 0:00
Players Stats for Patriotes
Player Name G A P +/- PIM S H SB GA TA FO MP PP MP PK MP
------------------------------------------------------------------------------------
Aleksander Barkov 1 1 2 1 0 2 1 0 0 0 1/8 10:53 0:00 0:00
Anthony Bitetto 0 1 1 0 2 2 1 1 1 1 0/0 28:40 1:31 2:52
Austin Watson 0 0 0 0 0 0 0 0 0 0 0/1 2:55 0:00 0:25
Borna Rendulic 0 0 0 1 0 2 1 0 0 0 0/0 10:53 0:00 0:00
Christian Hanson 2 0 2 -2 0 4 1 0 0 0 20/34 26:40 1:12 4:08
Dale Weise 0 0 0 -1 0 1 2 0 0 0 0/0 6:46 0:00 0:00
David Kolomatis 0 0 0 -1 0 1 1 5 0 0 0/0 21:50 0:27 2:16
Dillon Heatherington 0 0 0 -1 0 1 0 0 0 1 0/0 15:32 0:00 1:49
Emerson Etem 0 1 1 0 0 4 4 0 0 0 0/2 15:25 0:46 0:00
Evgeny Kuznetsov 1 0 1 0 0 3 1 0 0 0 3/14 15:32 0:46 0:00
Jared Knight 0 0 0 -1 0 0 1 0 0 0 0/0 6:46 0:00 0:00
Jason Zucker 0 1 1 -2 0 3 0 0 0 1 4/10 26:39 1:12 4:06
Justin Florek 1 1 2 1 0 3 1 0 1 0 0/0 10:53 0:00 0:00
Mario Lucia 0 0 0 0 0 0 0 0 0 0 0/0 0:00 0:00 0:00
Matt Calvert 1 0 1 0 2 2 0 0 0 0 0/0 16:41 0:46 0:46
Maxim Mamin 0 0 0 0 0 0 0 0 0 0 0/0 0:00 0:00 0:00
Riley Barber 0 0 0 0 0 0 0 0 0 0 0/1 2:17 0:00 1:12
Robert Baillargeon 0 0 0 0 0 0 0 0 0 0 0/0 0:00 0:00 0:00
Ryan Fitzgerald 0 0 0 0 0 0 0 0 0 0 0/0 2:12 0:00 0:00
Shane Sims 0 1 1 -1 2 2 0 4 0 2 0/0 21:49 0:27 1:16
Shea Theodore 0 0 0 -2 0 0 0 1 1 1 0/0 12:56 0:00 0:00
Timothy Kunes 0 1 1 1 0 2 3 3 0 0 0/0 30:14 1:31 3:41
Tyler Randell 0 2 2 -2 0 1 2 2 1 0 1/2 21:41 1:12 1:17
Vince Hinostroza 0 0 0 -1 0 0 0 0 0 0 0/0 6:46 0:00 0:00
3 Stars
1 - Andre Burakovsky (MAN)
2 - Chris Thorburn (MAN)
3 - Ryan White (MAN)
Power Play
Monarchs - 0 on 3 Attempt(s) - 0.00%
Patriotes - 2 on 2 Attempt(s) - 100.00%
Penalty Kill
Monarchs - 0 on 2 Attempt(s) - 0.00%
- Score 0 goal in Penalty Kill
Patriotes - 3 on 3 Attempt(s) - 100.00%
- Score 0 goal in Penalty Kill
Team Stat
Monarchs - Hits : 19 - Faceoff Wins : 43 - Blocked Shots : 15 - Penalty Minutes : 4
Patriotes - Hits : 19 - Faceoff Wins : 29 - Blocked Shots : 16 - Penalty Minutes : 6
Official
Referees : Unknown
Linesman : Unknown
Game Notes
Andrei Vasilevskiy enters game at 16:35 of 1st period
Finance
Level 1 -- Attendance: 1402 (70.10%) -- Ticket Income $56,080
Level 2 -- Attendance: 730 (73.00%) -- Ticket Income $14,600
Total Attendance: 2132 (71.07%)
Total Ticket Income: $70,680
Other Income: $3,534
Total Income: $74,214
Monarchs
5 vs 5 Forward
Center Left Wing Right Wing Time % Phy DF OF
1 Brian Boyle Andre Burakovsky Connor Brown 35 1 2 2
2 Marko Dano James Sheppard Viktor Arvidsson 30 1 2 2
3 Ryan White Teuvo Teravainen Chris Thorburn 25 1 2 2
4 Andreas Athanasiou Mike Hoffman Dennis Everberg 10 1 2 2
5 vs 5 Defense
Defense Defense Time % Phy DF OF
1 Jake McCabe David Fischer 35 0 3 2
2 Alec Martinez Morgan Rielly 35 0 3 2
3 Darnell Nurse Will Butcher 30 0 3 2
4 Jake McCabe Will Butcher 0 1 3 1
PowerPlay Forward
Center Left Wing Right Wing Time % Phy DF OF
1 Marko Dano Teuvo Teravainen Viktor Arvidsson 60 0 1 4
2 Brian Boyle Andre Burakovsky Connor Brown 40 0 1 4
PowerPlay Defense
Defense Defense Time % Phy DF OF
1 Will Butcher Jake McCabe 60 0 2 3
2 Alec Martinez Morgan Rielly 40 0 2 3
Penalty Kill 4 Players Forward
Center Wing Time % Phy DF OF
1 Brian Boyle Ryan White 60 0 4 1
2 James Sheppard Kenndal McArdle 40 0 4 1
Penalty Kill 4 Players Defense
Defense Defense Time % Phy DF OF
1 Jake McCabe Darnell Nurse 60 0 5 0
2 Alec Martinez David Fischer 40 0 5 0
Penalty Kill - 3 Players Forward
Forward Time % Phy DF OF
1 Ryan White 60 1 4 0
2 James Sheppard 40 1 4 0
Penalty Kill - 3 Players Defense
Defense Defense Time % Phy DF OF
1 Alec Martinez Darnell Nurse 60 0 5 0
2 Jake McCabe David Fischer 40 0 5 0
4 vs 4 Forward
Center Wing Time % Phy DF OF
1 Marko Dano Teuvo Teravainen 60 1 2 2
2 Connor Brown James Sheppard 40 1 2 2
4 vs 4 Defense
Defense Defense Time % Phy DF OF
1 Alec Martinez Darnell Nurse 60 1 2 2
2 Jake McCabe Morgan Rielly 40 1 2 2
Last Minutes Offensive
Center Left Wing Right Wing Defense Defense
Marko Dano Teuvo Teravainen Connor Brown Jake McCabe Will Butcher
Last Minutes Defensive
Center Left Wing Right Wing Defense Defense
Brian Boyle James Sheppard Dennis Everberg Jake McCabe Darnell Nurse
Goaltenders
Starting : Anders Lindback
Backup : Eric Comrie
Extra Forwards
Normal : Marko Dano, Brian Boyle, Teuvo Teravainen - PP : Brian Boyle, James Sheppard - PK : Dennis Everberg
Extra Defensemen
Normal : Jake McCabe, Alec Martinez, Darnell Nurse - PP : Darnell Nurse - PK : Will Butcher, Morgan Rielly
Penalty Shots
Andre Burakovsky, Marko Dano, Viktor Arvidsson, Teuvo Teravainen, James Sheppard
Scratches
Chris Tierney (Healthy), Christophe Lalancette (Healthy), Adam Tambellini (Healthy), Mitchell Moroz (Healthy), Andrei Mironov (Healthy)
Jonas Junland (Healthy), Anthony Peluso (Healthy), Jake Muzzin (Healthy), Tyler Beskorowany (Healthy)
Patriotes
5 vs 5 Forward
Center Left Wing Right Wing Time % Phy DF OF
1 Christian Hanson Jason Zucker Tyler Randell 40 1 2 2
2 Evgeny Kuznetsov Matt Calvert Emerson Etem 30 1 2 2
3 Aleksander Barkov Justin Florek Borna Rendulic 20 1 2 2
4 Jared Knight Vince Hinostroza Dale Weise 10 1 2 2
5 vs 5 Defense
Defense Defense Time % Phy DF OF
1 Timothy Kunes Anthony Bitetto 40 1 2 2
2 Shane Sims David Kolomatis 30 1 2 2
3 Shea Theodore Dillon Heatherington 20 1 2 2
4 Timothy Kunes Anthony Bitetto 10 1 2 2
PowerPlay Forward
Center Left Wing Right Wing Time % Phy DF OF
1 Christian Hanson Jason Zucker Tyler Randell 60 1 2 2
2 Evgeny Kuznetsov Matt Calvert Emerson Etem 40 1 2 2
PowerPlay Defense
Defense Defense Time % Phy DF OF
1 Timothy Kunes Anthony Bitetto 60 1 2 2
2 Shane Sims David Kolomatis 40 1 2 2
Penalty Kill 4 Players Forward
Center Wing Time % Phy DF OF
1 Jason Zucker Christian Hanson 60 1 2 2
2 Tyler Randell Matt Calvert 40 1 2 2
Penalty Kill 4 Players Defense
Defense Defense Time % Phy DF OF
1 Timothy Kunes Anthony Bitetto 60 1 2 2
2 Shane Sims David Kolomatis 40 1 2 2
Penalty Kill - 3 Players Forward
Forward Time % Phy DF OF
1 Jason Zucker 60 1 2 2
2 Christian Hanson 40 1 2 2
Penalty Kill - 3 Players Defense
Defense Defense Time % Phy DF OF
1 Timothy Kunes Anthony Bitetto 60 1 2 2
2 Shane Sims David Kolomatis 40 1 2 2
4 vs 4 Forward
Center Wing Time % Phy DF OF
1 Jason Zucker Christian Hanson 60 1 2 2
2 Tyler Randell Matt Calvert 40 1 2 2
4 vs 4 Defense
Defense Defense Time % Phy DF OF
1 Timothy Kunes Anthony Bitetto 60 1 2 2
2 Shane Sims David Kolomatis 40 1 2 2
Last Minutes Offensive
Center Left Wing Right Wing Defense Defense
Christian Hanson Jason Zucker Tyler Randell Timothy Kunes Anthony Bitetto
Last Minutes Defensive
Center Left Wing Right Wing Defense Defense
Christian Hanson Jason Zucker Tyler Randell Timothy Kunes Anthony Bitetto
Goaltenders
Starting : Thomas Greiss
Backup : Andrei Vasilevskiy
Extra Forwards
Normal : Austin Watson, Ryan Fitzgerald, Riley Barber - PP : Austin Watson, Ryan Fitzgerald - PK : Riley Barber
Extra Defensemen
Normal : Shea Theodore, Dillon Heatherington, Shane Sims - PP : Shea Theodore - PK : Dillon Heatherington, Shane Sims
Penalty Shots
Jason Zucker, Christian Hanson, Tyler Randell, Matt Calvert, Evgeny Kuznetsov
Scratches
Aaron Ness (Healthy), Phoenix Copley (Healthy)
% Time on Ice - Monarchs
Lines # - Real PCT - Wanted PCT - Time Play
Normal Forward
1 - 34% - 35% - 17:50
2 - 27% - 30% - 14:13
3 - 23% - 25% - 12:09
4 - 15% - 10% - 7:53
Normal Defense
1 - 36% - 35% - 18:36
2 - 36% - 35% - 18:40
3 - 28% - 30% - 14:49
4 - 0% - 0% - 0:00
PP Forward
1 - 61% - 60% - 3:38
2 - 39% - 40% - 2:19
PP Defense
1 - 59% - 60% - 3:29
2 - 41% - 40% - 2:28
PK Forward
1 - 88% - 60% - 1:44
2 - 12% - 40% - 0:14
PK Defense
1 - 71% - 60% - 1:24
2 - 29% - 40% - 0:34
PK3 Forward
1 - 0% - 60%
2 - 0% - 40%
PK3 Defense
1 - 0% - 60%
2 - 0% - 40%
44 Forward
1 - 83% - 60% - 4:08
2 - 17% - 40% - 0:52
44 Defense
1 - 57% - 60% - 2:50
2 - 43% - 40% - 2:10
Last Minute Offensive - 0:00
Last Minute Defensive - 0:00
Total
Forward - 65:00
Defense - 65:00
|
% Time on Ice - Patriotes
Lines # - Real PCT - Wanted PCT - Time Play
Normal Forward
1 - 38% - 40% - 19:53
2 - 28% - 30% - 14:33
3 - 21% - 20% - 10:53
4 - 13% - 10% - 6:46
Normal Defense
1 - 38% - 40% - 19:52
2 - 32% - 30% - 16:55
3 - 23% - 20% - 12:10
4 - 6% - 10% - 3:08
PP Forward
1 - 61% - 60% - 1:12
2 - 39% - 40% - 0:46
PP Defense
1 - 77% - 60% - 1:31
2 - 23% - 40% - 0:27
PK Forward
1 - 78% - 60% - 4:40
2 - 22% - 40% - 1:17
PK Defense
1 - 62% - 60% - 3:41
2 - 38% - 40% - 2:16
PK3 Forward
1 - 0% - 60%
2 - 0% - 40%
PK3 Defense
1 - 0% - 60%
2 - 0% - 40%
44 Forward
1 - 88% - 60% - 4:23
2 - 12% - 40% - 0:37
44 Defense
1 - 56% - 60% - 2:48
2 - 44% - 40% - 2:12
Last Minute Offensive - 0:00
Last Minute Defensive - 0:00
Total
Forward - 65:00
Defense - 65:00
|
Play by Play
1st period
0:01 of 1st period - Christian Hanson wins face-off versus Brian Boyle in neutral zone.
0:54 of 1st period - Snap shot by Mike Hoffman.
0:54 of 1st period - Shot Blocked by Shane Sims.
0:56 of 1st period - Snap shot by Alec Martinez.
0:56 of 1st period - Shot Misses the Net.
1:22 of 1st period - Backhand shot by Justin Florek.
1:22 of 1st period - Stopped by Anders Lindback with a rebound.
1:36 of 1st period - Snap shot by Connor Brown.
1:36 of 1st period - Shot Misses the Net.
1:44 of 1st period - Wrist shot by Connor Brown.
1:44 of 1st period - Shot Blocked by David Kolomatis.
3:19 of 1st period - Wrist shot by Brian Boyle.
3:19 of 1st period - Shot Misses the Net.
3:21 of 1st period - Snap shot by Andre Burakovsky.
3:21 of 1st period - Goal by Andre Burakovsky - Monarchs : 1 - Patriotes : 0.
3:22 of 1st period - Christian Hanson wins face-off versus Ryan White in neutral zone.
4:09 of 1st period - Alec Martinez is hit by Timothy Kunes and loses puck.
4:30 of 1st period - Backhand shot by Vince Hinostroza.
4:30 of 1st period - Shot Misses the Net.
5:25 of 1st period - Wrist shot by Matt Calvert.
5:25 of 1st period - Shot Misses the Net.
5:27 of 1st period - Backhand shot by Dillon Heatherington.
5:27 of 1st period - Shot Misses the Net.
6:08 of 1st period - Wrist shot by Mike Hoffman.
6:08 of 1st period - Shot Misses the Net.
6:23 of 1st period - Slapshot by Chris Thorburn.
6:23 of 1st period - Stopped by Thomas Greiss with a rebound.
6:25 of 1st period - Slapshot by Ryan White.
6:25 of 1st period - Shot Blocked by Anthony Bitetto.
6:27 of 1st period - Wrist shot by Ryan White.
6:27 of 1st period - Goal by Ryan White - Monarchs : 2 - Patriotes : 0.
6:28 of 1st period - Christian Hanson wins face-off versus Brian Boyle in neutral zone.
7:15 of 1st period - Off-side.
7:16 of 1st period - Ryan White wins face-off versus Aleksander Barkov in neutral zone.
7:25 of 1st period - Snap shot by Justin Florek.
7:25 of 1st period - Shot Misses the Net.
7:45 of 1st period - Snap shot by Brian Boyle.
7:45 of 1st period - Shot Misses the Net.
7:47 of 1st period - Snap shot by Andre Burakovsky.
7:47 of 1st period - Shot Blocked by Tyler Randell.
8:34 of 1st period - Wrist shot by Vince Hinostroza.
8:34 of 1st period - Shot Misses the Net.
9:08 of 1st period - Snap shot by Brian Boyle.
9:08 of 1st period - Stopped by Thomas Greiss without a rebound.
9:09 of 1st period - Christian Hanson wins face-off versus Brian Boyle in Patriotes zone.
9:14 of 1st period - Slapshot by Jason Zucker.
9:14 of 1st period - Deflect By Tyler Randell.
9:14 of 1st period - Shot Misses the Net.
9:14 of 1st period - Puck is out of play.
9:15 of 1st period - Christian Hanson wins face-off versus Brian Boyle in Monarchs zone.
9:16 of 1st period - Snap shot by Tyler Randell.
9:16 of 1st period - Shot Blocked by Jake McCabe.
9:22 of 1st period - Slapshot by Brian Boyle.
9:22 of 1st period - Shot Misses the Net.
9:39 of 1st period - Off-side.
9:40 of 1st period - Chris Thorburn wins face-off versus Evgeny Kuznetsov in neutral zone.
9:43 of 1st period - Emerson Etem is hit by Darnell Nurse and loses puck.
9:54 of 1st period - Slapshot by Emerson Etem.
9:54 of 1st period - Stopped by Anders Lindback with a rebound.
10:06 of 1st period - Anthony Bitetto is hit by James Sheppard and loses puck.
10:56 of 1st period - Anthony Bitetto is hit by Brian Boyle and loses puck.
11:17 of 1st period - Slapshot by Chris Thorburn.
11:17 of 1st period - Stopped by Thomas Greiss without a rebound.
11:18 of 1st period - Marko Dano wins face-off versus Christian Hanson in Patriotes zone.
11:33 of 1st period - Wrist shot by Christian Hanson.
11:33 of 1st period - Stopped by Anders Lindback with a rebound.
11:49 of 1st period - Slapshot by Evgeny Kuznetsov.
11:49 of 1st period - Shot Misses the Net.
11:51 of 1st period - Slapshot by Shane Sims.
11:51 of 1st period - Shot Blocked by Jake McCabe.
11:55 of 1st period - Wrist shot by Matt Calvert.
11:55 of 1st period - Shot Misses the Net.
12:15 of 1st period - Snap shot by Chris Thorburn.
12:15 of 1st period - Goal by Chris Thorburn - Monarchs : 3 - Patriotes : 0.
12:16 of 1st period - Christian Hanson wins face-off versus Marko Dano in neutral zone.
12:25 of 1st period - Wrist shot by Christian Hanson.
12:25 of 1st period - Shot Blocked by Will Butcher.
12:50 of 1st period - Wrist shot by Emerson Etem.
12:50 of 1st period - Shot Misses the Net.
13:10 of 1st period - Icing by Anthony Bitetto.
13:11 of 1st period - Viktor Arvidsson wins face-off versus Aleksander Barkov in Patriotes zone.
13:12 of 1st period - Snap shot by Marko Dano.
13:12 of 1st period - Stopped by Thomas Greiss without a rebound.
13:13 of 1st period - Christian Hanson wins face-off versus Viktor Arvidsson in Patriotes zone.
13:18 of 1st period - Snap shot by Viktor Arvidsson.
13:18 of 1st period - Stopped by Thomas Greiss without a rebound.
13:19 of 1st period - Christian Hanson wins face-off versus Marko Dano in Patriotes zone.
13:52 of 1st period - Snap shot by Brian Boyle.
13:52 of 1st period - Stopped by Thomas Greiss without a rebound.
13:53 of 1st period - Christian Hanson wins face-off versus Brian Boyle in Patriotes zone.
14:06 of 1st period - Snap shot by Tyler Randell.
14:06 of 1st period - Shot Misses the Net.
14:08 of 1st period - Slapshot by Shane Sims.
14:08 of 1st period - Stopped by Anders Lindback with a rebound.
14:46 of 1st period - Slapshot by Chris Thorburn.
14:46 of 1st period - Stopped by Thomas Greiss without a rebound.
14:47 of 1st period - Christian Hanson wins face-off versus Brian Boyle in Patriotes zone.
15:12 of 1st period - James Sheppard is hit by Dale Weise and loses puck.
15:25 of 1st period - Timothy Kunes is hit by James Sheppard and loses puck.
15:58 of 1st period - Slapshot by Anthony Bitetto.
15:58 of 1st period - Stopped by Anders Lindback without a rebound.
15:59 of 1st period - Ryan White wins face-off versus Christian Hanson in Monarchs zone.
15:59 of 1st period - Ryan White is hit by Christian Hanson.
16:31 of 1st period - Wrist shot by Brian Boyle.
16:31 of 1st period - Stopped by Thomas Greiss with a rebound.
16:33 of 1st period - Wrist shot by Brian Boyle.
16:33 of 1st period - Shot Misses the Net.
16:35 of 1st period - Snap shot by Andre Burakovsky.
16:35 of 1st period - Goal by Andre Burakovsky - Monarchs : 4 - Patriotes : 0.
16:35 of 1st period - Andrei Vasilevskiy enters game.
16:36 of 1st period - Andre Burakovsky wins face-off versus Christian Hanson in neutral zone.
16:43 of 1st period - Icing by Jason Zucker.
16:44 of 1st period - Tyler Randell wins face-off versus Brian Boyle in Patriotes zone.
16:55 of 1st period - Snap shot by Jason Zucker.
16:55 of 1st period - Shot Misses the Net.
16:57 of 1st period - Slapshot by Anthony Bitetto.
16:57 of 1st period - Deflect By Jake McCabe.
16:57 of 1st period - Stopped by Anders Lindback without a rebound.
16:58 of 1st period - Evgeny Kuznetsov wins face-off versus James Sheppard in Monarchs zone.
17:09 of 1st period - Slapshot by James Sheppard.
17:09 of 1st period - Shot Blocked by Timothy Kunes.
17:24 of 1st period - Anthony Bitetto is hit by Connor Brown and loses puck.
18:25 of 1st period - Snap shot by James Sheppard.
18:25 of 1st period - Shot Misses the Net.
18:45 of 1st period - Snap shot by Christian Hanson.
18:45 of 1st period - Deflect By Tyler Randell.
18:45 of 1st period - Shot Misses the Net.
18:45 of 1st period - Puck is out of play.
18:46 of 1st period - Brian Boyle wins face-off versus Christian Hanson in Monarchs zone.
18:51 of 1st period - Snap shot by Christian Hanson.
18:51 of 1st period - Goal by Christian Hanson - Monarchs : 4 - Patriotes : 1.
18:52 of 1st period - Brian Boyle wins face-off versus Emerson Etem in neutral zone.
18:52 of 1st period - Brian Boyle is hit by Emerson Etem.
19:01 of 1st period - Minor Penalty to Matt Calvert for Tripping.
19:02 of 1st period - Marko Dano wins face-off versus Jason Zucker in Patriotes zone.
Goals for this period are 4 for Monarchs vs 1 for Patriotes.
Shots for this period are 12 for Monarchs vs 7 for Patriotes.
2nd period
0:01 of 2nd period - Jason Zucker wins face-off versus Marko Dano in neutral zone.
0:08 of 2nd period - Wrist shot by Christian Hanson.
0:08 of 2nd period - Shot Misses the Net.
0:10 of 2nd period - Slapshot by Timothy Kunes.
0:10 of 2nd period - Shot Misses the Net.
0:32 of 2nd period - Snap shot by Connor Brown.
0:32 of 2nd period - Stopped by Andrei Vasilevskiy with a rebound.
0:34 of 2nd period - Wrist shot by Brian Boyle.
0:34 of 2nd period - Shot Blocked by Timothy Kunes.
0:58 of 2nd period - Snap shot by Tyler Randell.
0:58 of 2nd period - Shot Misses the Net.
1:01 of 2nd period - Penalty to Matt Calvert is over, Matt Calvert is back on ice.
1:59 of 2nd period - Shea Theodore is hit by Darnell Nurse and loses puck.
2:12 of 2nd period - Snap shot by Matt Calvert.
2:12 of 2nd period - Stopped by Anders Lindback without a rebound.
2:13 of 2nd period - Andre Burakovsky wins face-off versus Emerson Etem in Monarchs zone.
2:57 of 2nd period - Wrist shot by Tyler Randell.
2:57 of 2nd period - Shot Misses the Net.
2:59 of 2nd period - Wrist shot by Justin Florek.
2:59 of 2nd period - Stopped by Anders Lindback without a rebound.
3:00 of 2nd period - Aleksander Barkov wins face-off versus Andreas Athanasiou in Monarchs zone.
3:03 of 2nd period - Wrist shot by Aleksander Barkov.
3:03 of 2nd period - Goal by Aleksander Barkov - Monarchs : 4 - Patriotes : 2.
3:04 of 2nd period - Marko Dano wins face-off versus Christian Hanson in neutral zone.
3:09 of 2nd period - Snap shot by Viktor Arvidsson.
3:09 of 2nd period - Shot Misses the Net.
3:15 of 2nd period - Slapshot by Timothy Kunes.
3:15 of 2nd period - Shot Blocked by Alec Martinez.
3:17 of 2nd period - Snap shot by Anthony Bitetto.
3:17 of 2nd period - Deflect By Christian Hanson.
3:17 of 2nd period - Stopped by Anders Lindback with a rebound.
3:19 of 2nd period - Slapshot by Anthony Bitetto.
3:19 of 2nd period - Deflect By Jason Zucker.
3:19 of 2nd period - Stopped by Anders Lindback without a rebound.
3:20 of 2nd period - Brian Boyle wins face-off versus Evgeny Kuznetsov in Monarchs zone.
3:20 of 2nd period - Brian Boyle is hit by Emerson Etem.
3:54 of 2nd period - Snap shot by Viktor Arvidsson.
3:54 of 2nd period - Shot Misses the Net.
4:12 of 2nd period - Snap shot by Justin Florek.
4:12 of 2nd period - Shot Misses the Net.
4:14 of 2nd period - Snap shot by Justin Florek.
4:14 of 2nd period - Shot Misses the Net.
4:16 of 2nd period - Slapshot by Timothy Kunes.
4:16 of 2nd period - Deflect By Aleksander Barkov.
4:16 of 2nd period - Shot Misses the Net.
4:16 of 2nd period - Puck is out of play.
4:17 of 2nd period - Brian Boyle wins face-off versus Evgeny Kuznetsov in Monarchs zone.
4:17 of 2nd period - Brian Boyle is hit by Emerson Etem.
4:31 of 2nd period - Wrist shot by Andre Burakovsky.
4:31 of 2nd period - Shot Misses the Net.
4:43 of 2nd period - Emerson Etem is hit by Teuvo Teravainen and loses puck.
5:07 of 2nd period - Snap shot by Matt Calvert.
5:07 of 2nd period - Deflect By Evgeny Kuznetsov.
5:07 of 2nd period - Shot Blocked by Will Butcher.
5:07 of 2nd period - Puck is out of play.
5:08 of 2nd period - James Sheppard wins face-off versus Christian Hanson in Monarchs zone.
5:13 of 2nd period - Snap shot by Marko Dano.
5:13 of 2nd period - Stopped by Andrei Vasilevskiy with a rebound.
5:56 of 2nd period - Teuvo Teravainen is hit by Jared Knight and loses puck.
6:38 of 2nd period - Marko Dano is hit by Tyler Randell and loses puck.
7:20 of 2nd period - Snap shot by Mike Hoffman.
7:20 of 2nd period - Shot Blocked by David Kolomatis.
7:22 of 2nd period - Backhand shot by Andreas Athanasiou.
7:22 of 2nd period - Goal by Andreas Athanasiou - Monarchs : 5 - Patriotes : 2.
7:23 of 2nd period - Brian Boyle wins face-off versus Evgeny Kuznetsov in neutral zone.
7:50 of 2nd period - Viktor Arvidsson is hit by Aleksander Barkov and loses puck.
8:48 of 2nd period - Snap shot by Shane Sims.
8:48 of 2nd period - Stopped by Anders Lindback with a rebound.
8:50 of 2nd period - Snap shot by Evgeny Kuznetsov.
8:50 of 2nd period - Stopped by Anders Lindback with a rebound.
9:16 of 2nd period - Off-side.
9:17 of 2nd period - Marko Dano wins face-off versus Christian Hanson in neutral zone.
9:19 of 2nd period - Off-side.
9:20 of 2nd period - Christian Hanson wins face-off versus Marko Dano in neutral zone.
9:27 of 2nd period - Wrist shot by Jason Zucker.
9:27 of 2nd period - Stopped by Anders Lindback with a rebound.
9:29 of 2nd period - Slapshot by Dillon Heatherington.
9:29 of 2nd period - Stopped by Anders Lindback with a rebound.
10:12 of 2nd period - Minor Penalty to Teuvo Teravainen for Holding.
10:13 of 2nd period - Brian Boyle wins face-off versus Christian Hanson in Monarchs zone.
10:23 of 2nd period - Wrist shot by Tyler Randell.
10:23 of 2nd period - Shot Blocked by Darnell Nurse.
10:25 of 2nd period - Wrist shot by Jason Zucker.
10:25 of 2nd period - Shot Blocked by Darnell Nurse.
10:27 of 2nd period - Snap shot by Christian Hanson.
10:27 of 2nd period - Goal by Christian Hanson - Monarchs : 5 - Patriotes : 3.
10:28 of 2nd period - Christian Hanson wins face-off versus Brian Boyle in neutral zone.
10:43 of 2nd period - Christian Hanson is hit by David Fischer and loses puck.
10:56 of 2nd period - Wrist shot by Viktor Arvidsson.
10:56 of 2nd period - Stopped by Andrei Vasilevskiy without a rebound.
10:57 of 2nd period - Evgeny Kuznetsov wins face-off versus Marko Dano in Patriotes zone.
11:02 of 2nd period - Wrist shot by Viktor Arvidsson.
11:02 of 2nd period - Shot Misses the Net.
11:04 of 2nd period - Wrist shot by James Sheppard.
11:04 of 2nd period - Stopped by Andrei Vasilevskiy without a rebound.
11:05 of 2nd period - Christian Hanson wins face-off versus Ryan White in Patriotes zone.
11:05 of 2nd period - Christian Hanson is hit by Teuvo Teravainen.
11:33 of 2nd period - Snap shot by Justin Florek.
11:33 of 2nd period - Shot Blocked by Ryan White.
11:35 of 2nd period - Snap shot by Justin Florek.
11:35 of 2nd period - Shot Hit the Post.
11:37 of 2nd period - Snap shot by Justin Florek.
11:37 of 2nd period - Goal by Justin Florek - Monarchs : 5 - Patriotes : 4.
11:38 of 2nd period - Connor Brown wins face-off versus Christian Hanson in neutral zone.
14:11 of 2nd period - Shea Theodore is hit by Dennis Everberg and loses puck.
14:28 of 2nd period - Icing by Connor Brown.
14:29 of 2nd period - Christian Hanson wins face-off versus Brian Boyle in Monarchs zone.
15:02 of 2nd period - Backhand shot by Brian Boyle.
15:02 of 2nd period - Shot Misses the Net.
15:04 of 2nd period - Snap shot by Andre Burakovsky.
15:04 of 2nd period - Stopped by Andrei Vasilevskiy without a rebound.
15:05 of 2nd period - Marko Dano wins face-off versus Christian Hanson in Patriotes zone.
15:12 of 2nd period - Wrist shot by Viktor Arvidsson.
15:12 of 2nd period - Stopped by Andrei Vasilevskiy with a rebound.
15:18 of 2nd period - Slapshot by Viktor Arvidsson.
15:18 of 2nd period - Stopped by Andrei Vasilevskiy without a rebound.
15:19 of 2nd period - Christian Hanson wins face-off versus Ryan White in Patriotes zone.
15:27 of 2nd period - Timothy Kunes is hit by Morgan Rielly and loses puck.
15:44 of 2nd period - Evgeny Kuznetsov is hit by Alec Martinez and loses puck.
16:06 of 2nd period - Off-side.
16:07 of 2nd period - Brian Boyle wins face-off versus Aleksander Barkov in neutral zone.
16:24 of 2nd period - Snap shot by Timothy Kunes.
16:24 of 2nd period - Shot Blocked by David Fischer.
16:39 of 2nd period - Snap shot by Borna Rendulic.
16:39 of 2nd period - Stopped by Anders Lindback with a rebound.
16:41 of 2nd period - Snap shot by Timothy Kunes.
16:41 of 2nd period - Stopped by Anders Lindback without a rebound.
16:42 of 2nd period - Marko Dano wins face-off versus Christian Hanson in Monarchs zone.
17:51 of 2nd period - Will Butcher is hit by Justin Florek and loses puck.
17:58 of 2nd period - Wrist shot by Borna Rendulic.
17:58 of 2nd period - Stopped by Anders Lindback with a rebound.
18:00 of 2nd period - Slapshot by Dillon Heatherington.
18:00 of 2nd period - Deflect By Justin Florek.
18:00 of 2nd period - Shot Blocked by Will Butcher.
18:00 of 2nd period - Puck is out of play.
18:01 of 2nd period - Marko Dano wins face-off versus Christian Hanson in Monarchs zone.
18:34 of 2nd period - Wrist shot by Evgeny Kuznetsov.
18:34 of 2nd period - Stopped by Anders Lindback without a rebound.
18:35 of 2nd period - Christian Hanson wins face-off versus Ryan White in Monarchs zone.
18:51 of 2nd period - Minor Penalty to Chris Thorburn for Roughing.
18:52 of 2nd period - Brian Boyle wins face-off versus Christian Hanson in Monarchs zone.
19:02 of 2nd period - Wrist shot by Jason Zucker.
19:02 of 2nd period - Shot Misses the Net.
19:51 of 2nd period - Slapshot by Mike Hoffman.
19:51 of 2nd period - Stopped by Andrei Vasilevskiy without a rebound.
19:52 of 2nd period - Christian Hanson wins face-off versus Dennis Everberg in Patriotes zone.
Goals for this period are 1 for Monarchs vs 3 for Patriotes.
Shots for this period are 9 for Monarchs vs 15 for Patriotes.
3rd period
0:01 of 3rd period - Christian Hanson wins face-off versus Brian Boyle in neutral zone.
0:06 of 3rd period - Anthony Bitetto is hit by Jake McCabe and loses puck.
0:13 of 3rd period - Wrist shot by Ryan White.
0:13 of 3rd period - Stopped by Andrei Vasilevskiy with a rebound.
0:34 of 3rd period - Slapshot by Matt Calvert.
0:34 of 3rd period - Goal by Matt Calvert - Monarchs : 5 - Patriotes : 5.
0:35 of 3rd period - Christian Hanson wins face-off versus Marko Dano in neutral zone.
0:44 of 3rd period - Slapshot by Anthony Bitetto.
0:44 of 3rd period - Shot Blocked by Morgan Rielly.
0:46 of 3rd period - Wrist shot by Jason Zucker.
0:46 of 3rd period - Shot Misses the Net.
0:48 of 3rd period - Backhand shot by Jason Zucker.
0:48 of 3rd period - Deflect By Tyler Randell.
0:48 of 3rd period - Stopped by Anders Lindback with a rebound.
0:50 of 3rd period - Snap shot by Jason Zucker.
0:50 of 3rd period - Stopped by Anders Lindback with a rebound.
1:45 of 3rd period - Snap shot by Justin Florek.
1:45 of 3rd period - Shot Misses the Net.
2:15 of 3rd period - Will Butcher is hit by Anthony Bitetto and loses puck.
2:58 of 3rd period - Tyler Randell is hit by Andre Burakovsky and loses puck.
3:37 of 3rd period - Snap shot by Emerson Etem.
3:37 of 3rd period - Stopped by Anders Lindback with a rebound.
3:39 of 3rd period - Wrist shot by Evgeny Kuznetsov.
3:39 of 3rd period - Shot Misses the Net.
3:41 of 3rd period - Snap shot by Emerson Etem.
3:41 of 3rd period - Deflect By Alec Martinez.
3:41 of 3rd period - Shot Misses the Net.
3:41 of 3rd period - Puck is out of play.
3:42 of 3rd period - Evgeny Kuznetsov wins face-off versus Brian Boyle in Monarchs zone.
4:33 of 3rd period - Morgan Rielly is hit by Dale Weise and loses puck.
4:53 of 3rd period - Emerson Etem is hit by Dennis Everberg and loses puck.
5:47 of 3rd period - Snap shot by Jared Knight.
5:47 of 3rd period - Shot Misses the Net.
5:49 of 3rd period - Wrist shot by David Kolomatis.
5:49 of 3rd period - Stopped by Anders Lindback with a rebound.
5:51 of 3rd period - Slapshot by Dale Weise.
5:51 of 3rd period - Stopped by Anders Lindback without a rebound.
5:52 of 3rd period - Brian Boyle wins face-off versus Evgeny Kuznetsov in Monarchs zone.
6:17 of 3rd period - David Fischer is hit by Timothy Kunes and loses puck.
6:23 of 3rd period - Off-side.
6:24 of 3rd period - Marko Dano wins face-off versus Christian Hanson in neutral zone.
6:59 of 3rd period - Snap shot by Teuvo Teravainen.
6:59 of 3rd period - Shot Blocked by Tyler Randell.
7:01 of 3rd period - Slapshot by Darnell Nurse.
7:01 of 3rd period - Shot Misses the Net.
7:21 of 3rd period - Snap shot by Mike Hoffman.
7:21 of 3rd period - Shot Blocked by Shea Theodore.
7:41 of 3rd period - Slapshot by Viktor Arvidsson.
7:41 of 3rd period - Goal by Viktor Arvidsson - Monarchs : 6 - Patriotes : 5.
7:42 of 3rd period - Andre Burakovsky wins face-off versus Evgeny Kuznetsov in neutral zone.
7:45 of 3rd period - Timothy Kunes is hit by Andre Burakovsky and loses puck.
7:53 of 3rd period - Off-side.
7:54 of 3rd period - Connor Brown wins face-off versus Evgeny Kuznetsov in neutral zone.
8:02 of 3rd period - Icing by Anthony Bitetto.
8:03 of 3rd period - Brian Boyle wins face-off versus Evgeny Kuznetsov in Patriotes zone.
8:22 of 3rd period - Snap shot by Andre Burakovsky.
8:22 of 3rd period - Stopped by Andrei Vasilevskiy without a rebound.
8:23 of 3rd period - Marko Dano wins face-off versus Jason Zucker in Patriotes zone.
8:35 of 3rd period - Minor Penalty to Shane Sims for Interference.
8:36 of 3rd period - Jason Zucker wins face-off versus Marko Dano in Patriotes zone.
8:46 of 3rd period - Wrist shot by Teuvo Teravainen.
8:46 of 3rd period - Shot Misses the Net.
9:16 of 3rd period - Viktor Arvidsson is hit by David Kolomatis.
10:09 of 3rd period - Icing by Brian Boyle.
10:10 of 3rd period - Brian Boyle wins face-off versus Riley Barber in Monarchs zone.
10:35 of 3rd period - Penalty to Shane Sims is over, Shane Sims is back on ice.
10:58 of 3rd period - Slapshot by Timothy Kunes.
10:58 of 3rd period - Shot Blocked by Teuvo Teravainen.
11:06 of 3rd period - Snap shot by Jason Zucker.
11:06 of 3rd period - Shot Misses the Net.
11:28 of 3rd period - Snap shot by Viktor Arvidsson.
11:28 of 3rd period - Shot Misses the Net.
11:30 of 3rd period - Snap shot by James Sheppard.
11:30 of 3rd period - Shot Misses the Net.
11:42 of 3rd period - Slapshot by Emerson Etem.
11:42 of 3rd period - Deflect By Morgan Rielly.
11:42 of 3rd period - Stopped by Anders Lindback with a rebound.
11:44 of 3rd period - Snap shot by Timothy Kunes.
11:44 of 3rd period - Shot Blocked by Dennis Everberg.
11:46 of 3rd period - Snap shot by Emerson Etem.
11:46 of 3rd period - Stopped by Anders Lindback with a rebound.
11:48 of 3rd period - Slapshot by Timothy Kunes.
11:48 of 3rd period - Stopped by Anders Lindback with a rebound.
11:50 of 3rd period - Wrist shot by Evgeny Kuznetsov.
11:50 of 3rd period - Goal by Evgeny Kuznetsov - Monarchs : 6 - Patriotes : 6.
11:51 of 3rd period - Brian Boyle wins face-off versus Evgeny Kuznetsov in neutral zone.
11:58 of 3rd period - Wrist shot by Andre Burakovsky.
11:58 of 3rd period - Stopped by Andrei Vasilevskiy with a rebound.
12:06 of 3rd period - Brian Boyle is hit by Evgeny Kuznetsov and loses puck.
12:26 of 3rd period - Off-side.
12:27 of 3rd period - Ryan White wins face-off versus Evgeny Kuznetsov in neutral zone.
12:36 of 3rd period - Snap shot by Chris Thorburn.
12:36 of 3rd period - Shot Blocked by Shane Sims.
12:52 of 3rd period - David Fischer is hit by Borna Rendulic and loses puck.
13:22 of 3rd period - Snap shot by Vince Hinostroza.
13:22 of 3rd period - Shot Misses the Net.
14:01 of 3rd period - Ryan White is hit by Timothy Kunes.
14:04 of 3rd period - Off-side.
14:05 of 3rd period - Brian Boyle wins face-off versus Evgeny Kuznetsov in neutral zone.
14:18 of 3rd period - Slapshot by Andre Burakovsky.
14:18 of 3rd period - Stopped by Andrei Vasilevskiy with a rebound.
14:37 of 3rd period - Snap shot by Christian Hanson.
14:37 of 3rd period - Deflect By Viktor Arvidsson.
14:37 of 3rd period - Shot Blocked by Viktor Arvidsson.
14:37 of 3rd period - Puck is out of play.
14:38 of 3rd period - Christian Hanson wins face-off versus Ryan White in Monarchs zone.
14:47 of 3rd period - Slapshot by Jason Zucker.
14:47 of 3rd period - Shot Misses the Net.
15:03 of 3rd period - Andre Burakovsky is hit by Emerson Etem and loses puck.
15:27 of 3rd period - Slapshot by Timothy Kunes.
15:27 of 3rd period - Deflect By Justin Florek.
15:27 of 3rd period - Shot Blocked by Marko Dano.
15:27 of 3rd period - Puck is out of play.
15:28 of 3rd period - Ryan White wins face-off versus Aleksander Barkov in Monarchs zone.
15:33 of 3rd period - Snap shot by Chris Thorburn.
15:33 of 3rd period - Stopped by Andrei Vasilevskiy with a rebound.
15:35 of 3rd period - Slapshot by Teuvo Teravainen.
15:35 of 3rd period - Stopped by Andrei Vasilevskiy without a rebound.
15:36 of 3rd period - Ryan White wins face-off versus Aleksander Barkov in Patriotes zone.
16:10 of 3rd period - Wrist shot by Chris Thorburn.
16:10 of 3rd period - Shot Misses the Net.
16:12 of 3rd period - Backhand shot by Teuvo Teravainen.
16:12 of 3rd period - Stopped by Andrei Vasilevskiy without a rebound.
16:13 of 3rd period - Brian Boyle wins face-off versus Aleksander Barkov in Patriotes zone.
16:24 of 3rd period - Snap shot by Aleksander Barkov.
16:24 of 3rd period - Stopped by Anders Lindback without a rebound.
16:25 of 3rd period - Brian Boyle wins face-off versus Aleksander Barkov in Monarchs zone.
16:41 of 3rd period - Minor Penalty to Anthony Bitetto for Tripping.
16:42 of 3rd period - Marko Dano wins face-off versus Jason Zucker in Patriotes zone.
16:51 of 3rd period - Slapshot by Teuvo Teravainen.
16:51 of 3rd period - Shot Misses the Net.
17:16 of 3rd period - Snap shot by Andre Burakovsky.
17:16 of 3rd period - Deflect By Brian Boyle.
17:16 of 3rd period - Stopped by Andrei Vasilevskiy without a rebound.
17:17 of 3rd period - Jason Zucker wins face-off versus Marko Dano in Patriotes zone.
17:26 of 3rd period - Slapshot by Alec Martinez.
17:26 of 3rd period - Shot Blocked by Shane Sims.
17:28 of 3rd period - Snap shot by Alec Martinez.
17:28 of 3rd period - Deflect By Teuvo Teravainen.
17:28 of 3rd period - Shot Blocked by Shane Sims.
17:28 of 3rd period - Puck is out of play.
17:29 of 3rd period - Marko Dano wins face-off versus Jason Zucker in Patriotes zone.
17:32 of 3rd period - Slapshot by Viktor Arvidsson.
17:32 of 3rd period - Shot Misses the Net.
17:52 of 3rd period - Christian Hanson is hit by Teuvo Teravainen and loses puck.
18:09 of 3rd period - Snap shot by Viktor Arvidsson.
18:09 of 3rd period - Shot Misses the Net.
18:11 of 3rd period - Slapshot by Teuvo Teravainen.
18:11 of 3rd period - Deflect By Christian Hanson.
18:11 of 3rd period - Shot Misses the Net.
18:11 of 3rd period - Puck is out of play.
18:12 of 3rd period - Brian Boyle wins face-off versus Tyler Randell in Patriotes zone.
18:41 of 3rd period - Penalty to Anthony Bitetto is over, Anthony Bitetto is back on ice.
19:31 of 3rd period - Tyler Randell is hit by Brian Boyle and loses puck.
Goals for this period are 1 for Monarchs vs 2 for Patriotes.
Shots for this period are 9 for Monarchs vs 11 for Patriotes.
Overtime #1
0:01 of 1st overtime period - Marko Dano wins face-off versus Jason Zucker in neutral zone.
0:42 of 1st overtime period - Slapshot by Brian Boyle.
0:42 of 1st overtime period - Stopped by Andrei Vasilevskiy without a rebound.
0:43 of 1st overtime period - Brian Boyle wins face-off versus Austin Watson in Patriotes zone.
0:51 of 1st overtime period - Wrist shot by Mike Hoffman.
0:51 of 1st overtime period - Shot Blocked by David Kolomatis.
0:53 of 1st overtime period - Slapshot by Brian Boyle.
0:53 of 1st overtime period - Deflect By Mike Hoffman.
0:53 of 1st overtime period - Stopped by Andrei Vasilevskiy with a rebound.
0:55 of 1st overtime period - Snap shot by Darnell Nurse.
0:55 of 1st overtime period - Shot Blocked by David Kolomatis.
0:57 of 1st overtime period - Snap shot by Mike Hoffman.
0:57 of 1st overtime period - Shot Blocked by David Kolomatis.
0:59 of 1st overtime period - Wrist shot by Mike Hoffman.
0:59 of 1st overtime period - Stopped by Andrei Vasilevskiy with a rebound.
1:01 of 1st overtime period - Snap shot by Brian Boyle.
1:01 of 1st overtime period - Shot Misses the Net.
1:03 of 1st overtime period - Snap shot by Brian Boyle.
1:03 of 1st overtime period - Shot Misses the Net.
1:05 of 1st overtime period - Wrist shot by Mike Hoffman.
1:05 of 1st overtime period - Shot Misses the Net.
1:55 of 1st overtime period - Snap shot by Mike Hoffman.
1:55 of 1st overtime period - Shot Misses the Net.
1:57 of 1st overtime period - Slapshot by Jake McCabe.
1:57 of 1st overtime period - Shot Misses the Net.
1:59 of 1st overtime period - Slapshot by Mike Hoffman.
1:59 of 1st overtime period - Stopped by Andrei Vasilevskiy without a rebound.
2:00 of 1st overtime period - Marko Dano wins face-off versus Jason Zucker in Patriotes zone.
2:05 of 1st overtime period - Snap shot by Marko Dano.
2:05 of 1st overtime period - Shot Blocked by Timothy Kunes.
2:07 of 1st overtime period - Snap shot by Marko Dano.
2:07 of 1st overtime period - Shot Misses the Net.
2:35 of 1st overtime period - Timothy Kunes is hit by Darnell Nurse and loses puck.
2:40 of 1st overtime period - Snap shot by Connor Brown.
2:40 of 1st overtime period - Stopped by Andrei Vasilevskiy without a rebound.
2:41 of 1st overtime period - Jason Zucker wins face-off versus Marko Dano in Patriotes zone.
3:40 of 1st overtime period - Snap shot by Jake McCabe.
3:40 of 1st overtime period - Stopped by Andrei Vasilevskiy with a rebound.
3:44 of 1st overtime period - Snap shot by James Sheppard.
3:44 of 1st overtime period - Deflect By Connor Brown.
3:44 of 1st overtime period - Stopped by Andrei Vasilevskiy with a rebound.
3:54 of 1st overtime period - Darnell Nurse is hit by Tyler Randell and loses puck.
Goals for this period are 0 for Monarchs vs 0 for Patriotes.
Shots for this period are 7 for Monarchs vs 0 for Patriotes.
ShootOut
5:00 of 1st overtime period - Penalty Shot by Andre Burakovsky for Monarchs .
5:00 of 1st overtime period - Snap shot by Andre Burakovsky.
5:00 of 1st overtime period - Goal by Andre Burakovsky.
5:00 of 1st overtime period - Penalty Shot by Jason Zucker for Patriotes.
5:00 of 1st overtime period - Snap shot by Jason Zucker.
5:00 of 1st overtime period - Shot Misses the Net.
5:00 of 1st overtime period - Penalty Shot by Marko Dano for Monarchs .
5:00 of 1st overtime period - Wrist shot by Marko Dano.
5:00 of 1st overtime period - Shot Misses the Net.
5:00 of 1st overtime period - Penalty Shot by Christian Hanson for Patriotes.
5:00 of 1st overtime period - Snap shot by Christian Hanson.
5:00 of 1st overtime period - Goal by Christian Hanson.
5:00 of 1st overtime period - Penalty Shot by Viktor Arvidsson for Monarchs .
5:00 of 1st overtime period - Deke by Viktor Arvidsson.
5:00 of 1st overtime period - Shot Misses the Net.
5:00 of 1st overtime period - Penalty Shot by Tyler Randell for Patriotes.
5:00 of 1st overtime period - Deke by Tyler Randell.
5:00 of 1st overtime period - Stopped by Anders Lindback.
5:00 of 1st overtime period - Penalty Shot by Teuvo Teravainen for Monarchs .
5:00 of 1st overtime period - Snap shot by Teuvo Teravainen.
5:00 of 1st overtime period - Stopped by Andrei Vasilevskiy.
5:00 of 1st overtime period - Penalty Shot by Matt Calvert for Patriotes.
5:00 of 1st overtime period - Deke by Matt Calvert.
5:00 of 1st overtime period - Stopped by Anders Lindback.
5:00 of 1st overtime period - Penalty Shot by James Sheppard for Monarchs .
5:00 of 1st overtime period - Wrist shot by James Sheppard.
5:00 of 1st overtime period - Goal by James Sheppard.
5:00 of 1st overtime period - Penalty Shot by Evgeny Kuznetsov for Patriotes.
5:00 of 1st overtime period - Wrist shot by Evgeny Kuznetsov.
5:00 of 1st overtime period - Goal by Evgeny Kuznetsov.
5:00 of 1st overtime period - Penalty Shot by Mike Hoffman for Monarchs .
5:00 of 1st overtime period - Wrist shot by Mike Hoffman.
5:00 of 1st overtime period - Goal by Mike Hoffman.
5:00 of 1st overtime period - Penalty Shot by Dale Weise for Patriotes.
5:00 of 1st overtime period - Deke by Dale Weise.
5:00 of 1st overtime period - Stopped by Anders Lindback.
Back to the Top